 Dungeon Crawl Stone Soup version 0.29.1-2-gbd0b4ee654 (webtiles) character file.

Game seed: 13817969265006467096

2634 SaviorBlesser the Fighter (level 9, 0/75 HPs)
             Began as a Formicid Fighter on Nov 24, 2022.
             Was a Believer of Okawaru.
             Slain by Erica
             ... wielding a +0 scimitar of flaming
              (11 damage)
             ... on level 8 of the Dungeon.
             The game lasted 00:11:49 (5741 turns).

SaviorBlesser the Fighter (Formicid Fighter)        Turns: 5741, Time: 00:11:50

Health: 0/75       AC: 18    Str: 26    XL:     9   Next: 92%
Magic:  9/9        EV:  7    Int:  7    God:    Okawaru [**....]
Gold:   47         SH:  5    Dex: 13    Spells: 8/8 levels left

rFire   . . .      SeeInvis +   x - +0 morningstar
rCold   + . .      Faith    .   c - +0 buckler
rNeg    . . .      Spirit   .   i - +1 plate armour
rPois   .          Reflect  .   (helmet unavailable)
rElec   .          Harm     .   l - +0 cloak
rCorr   +          Rampage  .   y - +0 pair of gloves
Will    .....                   h - +0 pair of boots
Stlth   ..........              p - amulet of regeneration
HPRegen 1.02/turn               D - ring of protection from cold
MPRegen 0.11/turn               r - ring of resist corrosion

@: no status effects
A: permanent stasis, dig shafts and tunnels, antennae 3, four strong arms
a: Dig, Shaft Self, Renounce Religion, Heroism


You were on level 8 of the Dungeon.
You worshipped Okawaru.
Okawaru was pleased with you.
You visited 2 branches of the dungeon, and saw 9 of its levels.

You collected 372 gold pieces.
You spent 325 gold pieces at shops.

Inventory:

Hand Weapons
 x - a +0 morningstar (weapon)
Armour
 c - a +0 buckler (worn)
 h - a +0 pair of boots (worn)
 i - a +1 plate armour (worn)
 l - a +0 cloak (worn)
 y - a +0 pair of gloves (worn)
Jewellery
 p - an amulet of regeneration (around neck)
 r - a ring of resist corrosion (right hand)
 D - a ring of protection from cold (left hand)
Wands
 s - a wand of digging (4)
Scrolls
 e - a scroll of acquirement {unknown}
 g - 2 scrolls of identify
 j - a scroll of noise
 k - a scroll of enchant armour
 m - a scroll of silence {unknown}
 q - a scroll of amnesia
 u - a scroll of brand weapon {unknown}
 w - 3 scrolls of magic mapping
Potions
 a - a potion of berserk rage {unknown}
 b - 3 potions of ambrosia
 d - 2 potions of might
 f - a potion of lignification {unknown}
 n - a potion of invisibility
 o - 7 potions of curing
 t - 2 potions of heal wounds
 v - a potion of haste {unknown}
 z - 3 potions of attraction
 B - 2 potions of degeneration {unknown}


   Skills:
 * Level 8.3 Fighting
 * Level 7.2 Maces & Flails
 * Level 8.3 Armour
 - Level 4.0 Shields
 + Level 0.0 Invocations
 + Level 4.5 Evocations


You had 8 spell levels left.
You didn't know any spells.
Your spell library contained the following spells:

 Spells                   Type           Power      Damage    Failure   Level
 Portal Projectile        Hex/Tloc       0%         N/A       100%        3
 Cause Fear               Hex            0%         N/A       100%        4
 Leda's Liquefaction      Hex/Erth       0%         N/A       100%        4
 Blade Hands              Tmut           0%         N/A       100%        5
 Iskenderun's Battlesphe  Conj           0%         2d6       100%        5
 Lee's Rapid Deconstruct  Erth           0%         3d5*      100%        5
 Iron Shot                Conj/Erth      0%         9d1       100%        6
 Statue Form              Tmut/Erth      0%         N/A       100%        6
 Dragon Form              Tmut           0%         N/A       100%        7
 Tukima's Dance           Hex            Unusable   N/A       N/A         3
 Spellforged Servitor     Conj/Summ      Unusable   N/A       N/A         7
 Dragon's Call            Summ           Unusable   N/A       N/A         9

Dungeon Overview and Level Annotations

Branches:
Dungeon (8/15)             Temple (1/1) D:6
   Lair: D:8-11

Altars:
Ashenzari
Cheibriados
Dithmenos
Elyvilon
Fedhas
Gozag
Hepliaklqana
Kikubaaqudgha
Nemelex Xobeh
Okawaru
Ru
Sif Muna
Trog
Uskayaw
Vehumet
Wu Jian
Xom
Yredelemnul

Shops:
D:2 =   D:6 =   D:7 *!

Annotations:
D:4 3 runed translucent doors, xraymikek's ghost, amateur SpEn
D:8 Erica


Innate Abilities, Weirdness & Mutations

You cannot be hasted, slowed, berserked, paralysed or teleported.
You can dig through walls and to a lower floor.
You have a pair of large antennae on your head. (SInv)
Your four strong arms can wield two-handed weapons with a shield.


Message History

Erica is heavily wounded.
You feel sick. You block Erica's attack.
You barely miss Erica.
Erica is heavily wounded.
You feel sick.
You are no longer poisoned.
Erica hits you but does no damage.
Erica hits you with a +0 scimitar of flaming.
Erica burns you.
You impale Erica!!
Erica is almost dead.
Erica hits you with a +0 scimitar of flaming!
* * * LOW HITPOINT WARNING * * *
Erica burns you.
* * * LOW HITPOINT WARNING * * *
You closely miss Erica.
Erica is almost dead.
Erica hits you but does no damage.
You closely miss Erica.
Erica is almost dead.
Erica hits you with a +0 scimitar of flaming.
* * * LOW HITPOINT WARNING * * *
Erica burns you.
* * * LOW HITPOINT WARNING * * *
Unknown command.
You hit Erica.
Erica is almost dead.
Erica hits you but does no damage.
Unknown command.
You barely miss Erica.
Erica is almost dead.
Erica hits you with a +0 scimitar of flaming.
* * * LOW HITPOINT WARNING * * *
Erica burns you.
* * * LOW HITPOINT WARNING * * *
Erica hits you but does no damage.
You barely miss Erica.
Erica is almost dead.
Erica hits you with a +0 scimitar of flaming!
You die...

#.# #...#
#...# #...#
#...#
#.#####...#
#.........#
########.##
#####.#
#.@@..#
#.###.# #
#.# ### ..#
... ...
##### #.#
#.... #.#
#|.†. .#
#######..##
.........##


You could see Erica (invisible).

Vanquished Creatures
  Sigmund (D:2)
  A steam dragon (D:8)
  Pargi (D:4)
  A black bear (D:6)
  An ice beast (D:6)
  2 orc warriors
  A sky beast (D:6)
  2 ogres
  A centaur (D:5)
  A phantom (D:6)
  2 bullfrogs (D:8)
  2 scorpions (D:7)
  4 wights (D:7)
  4 killer bees (D:8)
  5 hounds
  4 jellies
  Crazy Yiuf (D:2)
  2 orc priests
  Jessica (D:2)
  3 iguanas (D:5)
  7 orc wizards
  8 adders
  2 shadow imps
  2 white imps (D:6)
  An ufetubus (D:5)
  3 worms
  A dart slug (D:5)
  22 orcs
  5 ball pythons
  2 bats (D:2)
  4 endoplasms
  3 giant cockroaches
  6 goblins
  5 hobgoblins
  10 jackals (D:2)
  4 kobolds
  3 quokkas
  3 frilled lizards
  3 rats
  A spectral orc (D:3)
135 creatures vanquished.

Vanquished Creatures (collateral kills)
  A kobold (D:3)
1 creature vanquished.

Grand Total: 136 creatures vanquished

Notes
Turn   | Place    | Note
-------+----------+-------------------------------------------
     0 | D:1      | SaviorBlesser the Formicid Fighter began the quest for the
                  | Orb.
     0 | D:1      | Reached XP level 1. HP: 18/18 MP: 1/1
   463 | D:1      | Reached XP level 2. HP: 24/24 MP: 2/2
   598 | D:1      | You fall into a shaft and drop 1 floor!
   646 | D:2      | Found a runed translucent door.
   647 | D:2      | Noticed Crazy Yiuf
   720 | D:2      | Killed Crazy Yiuf
   721 | D:2      | Reached XP level 3. HP: 17/30 MP: 3/3
   962 | D:2      | Reached XP level 4. HP: 37/37 MP: 4/4
  1335 | D:2      | Found a shimmering blue altar of Sif Muna.
  1340 | D:2      | Noticed Jessica
  1348 | D:2      | Killed Jessica
  1432 | D:2      | Found Buefisep's Jewellery Emporium.
  1440 | D:2      | Noticed Sigmund
  1450 | D:2      | Killed Sigmund
  1451 | D:2      | Reached skill level 5 in Armour
  1451 | D:2      | Reached XP level 5. HP: 43/43 MP: 5/5
  1451 | D:2      | Reached XP level 6. HP: 50/50 MP: 6/6
  1638 | D:2      | Reached skill level 5 in Fighting
  1851 | D:3      | Found a basalt altar of Yredelemnul.
  2139 | D:4      | Noticed xraymikek's ghost (amateur SpEn)
  2140 | D:4      | Found a runed translucent gate.
  2141 | D:4      | Found a runed translucent gate.
  2141 | D:4      | Found a runed translucent gate.
  2147 | D:4      | Found a hide-covered altar of Uskayaw.
  2155 | D:4      | Found a blossoming altar of Fedhas.
  2213 | D:4      | Found a white marble altar of Elyvilon.
  2275 | D:4      | Identified the +0 robe "Daplui Wocih" {rF- rC++ Dex+4
                  | Stlth+}
  2332 | D:4      | Noticed Pargi
  2345 | D:4      | Killed Pargi
  2346 | D:4      | Reached skill level 1 in Evocations
  2346 | D:4      | Reached XP level 7. HP: 55/56 MP: 7/7
  2627 | D:5      | Entered Level 5 of the Dungeon
  2851 | D:5      | Reached XP level 8. HP: 64/64 MP: 8/8
  2901 | D:5      | Reached skill level 5 in Maces & Flails
  3260 | D:5      | Found a radiant altar of Vehumet.
  3420 | D:6      | Found a staircase to the Ecumenical Temple.
  3436 | Temple   | Entered the Ecumenical Temple
  3670 | Temple   | Became a worshipper of Warmaster Okawaru
  3834 | D:6      | Found Ycuwoapu's Jewellery Boutique.
  3988 | D:6      | Reached * piety under Okawaru
  4003 | D:6      | Reached XP level 9. HP: 72/72 MP: 9/9
  4269 | D:7      | Found Fukluj's General Store.
  4315 | D:7      | Reached ** piety under Okawaru
  4803 | D:7      | Bought a potion of curing for 45 gold pieces
  4803 | D:7      | Bought a potion of might for 60 gold pieces
  5064 | D:7      | Found Foixt's Distillery.
  5072 | D:7      | Bought a potion of curing for 30 gold pieces
  5072 | D:7      | Bought a potion of attraction for 30 gold pieces
  5072 | D:7      | Bought a potion of curing for 30 gold pieces
  5072 | D:7      | Bought a potion of invisibility for 80 gold pieces
  5072 | D:7      | Bought a potion of heal wounds for 50 gold pieces
  5714 | D:8      | Noticed Erica
  5741 | D:8      | Slain by Erica

Illustrated notes

Levels and vault maps discovered:
D:1:      matt_arrival_diagonals, layout_basic,
          shapermc_ecumenical_altar_mp_ritualfount
D:2:      layout_loops_corners, basic_altar, serial_shops, shop,
          grunt_decor_clamped, uniq_crazy_yiuf_cottage, uniq_sigmund,
          uniq_jessica
D:3:      layout_rooms, yredelemnul_forgotten_temple_becter
D:4:      layout_cave_pools, elyvilon_altar_4, grunt_temple_overflow_open,
          gammafunk_ghost_split, uniq_pargi
D:5:      layout_loops_ring, nicolae_vehumet_altar_sigil, serial_rivers,
          chequers_serial_rivers_small_3, chequers_serial_rivers_micro_d,
          chequers_serial_rivers_micro_c, chequers_serial_rivers_marsh,
          chequers_serial_rivers_small_b, hangedman_decor_push
D:6:      layout_cave_pools, temple_doors_e, serial_shops, nicolae_square_shop,
          corexii_hall_statues_i
D:7:      layout_loops_corners, serial_rivers, chequers_serial_rivers_micro_b,
          chequers_serial_rivers_small_3, chequers_serial_rivers_marsh,
          chequers_serial_rivers_micro_c, grunt_ministairs_13,
          nicolae_stop_n_shop_2, kennysheep_windowed_goal
D:8:      layout_loops_ring, overflow_temple_1_default, uniq_erica
Temple:   oiseaux_autumnal_temple

Skill      XL: |  1  2  3  4  5  6  7  8  9 |
---------------+----------------------------+-----
Armour         | 4 5 7 8 |  8.3
Fighting       | 4 5 6 7 8 |  8.3
Maces & Flails | 3 4 6 7 |  7.2
Evocations     | 1 2 3 4 |  4.5
Shields        | |  4.0

Action                   |  1- 3 |  4- 6 |  7- 9 || total
-------------------------+-------+-------+-------++-------
Melee: Flail             |    23 |       |       ||    23
       Quarterstaff      |    10 |    91 |   244 ||   345
       Morningstar       |       |       |    51 ||    51
 Abil: Dig               |     2 |       |     3 ||     5
  Use: Scroll            |       |       |    13 ||    13
       Potion            |       |       |     1 ||     1
 Stab: Paralysed         |       |       |     3 ||     3
Armor: Scale mail        |     4 |       |       ||     4
       Plate armour      |     7 |    68 |   213 ||   288
Dodge: Dodged            |    10 |    24 |    89 ||   123
Block: Buckler           |     3 |    14 |    71 ||    88
